 Dungeon Crawl Stone Soup version 0.28-a0-687-gb91baff9cc (webtiles) character file.

Game seed: 16192341116001095228

1421 flyleaff the Poker (level 8, -8/63 HPs)
             Began as a Demonspawn Fighter on Oct 19, 2021.
             Was a Plaything of Xom.
             Mangled by a two-headed ogre (19 damage)
             ... on level 5 of the Dungeon.
             The game lasted 00:14:46 (5610 turns).

flyleaff the Poker (Demonspawn Fighter)             Turns: 5610, Time: 00:14:47

Health: -8/63      AC: 15    Str: 20    XL:     8   Next: 44%
Magic:  8/8        EV:  9    Int: 12    God:    Xom [..*...]
Gold:   8          SH:  7    Dex: 15    Spells: 7/7 levels left

rFire   + . .      SeeInvis .   a - +2 trident
rCold   + + .      Faith    .   n - +2 buckler
rNeg    . . .      Spirit   .   i - +4 scale mail {rF+}
rPois   .          Reflect  .   (no helmet)
rElec   .          Harm     .   (no cloak)
rCorr   .          Rampage  .   o - +0 pair of gloves
Will    .....                   p - +0 pair of boots of Guotecly {*Corrode rC+ Int+3 Dex+3}
Stlth   ..........              (no amulet)
HPRegen 0.20/turn               j - ring of protection from fire
MPRegen 0.11/turn               h - ring of ice

@: very slightly contaminated, invisible
A: slimy green scales 1, foul stench 1, spiny 1
a: Renounce Religion


You were on level 5 of the Dungeon.
You worshipped Xom.
You were a toy of Xom.
You visited 2 branches of the dungeon, and saw 6 of its levels.

You collected 259 gold pieces.
You spent 251 gold pieces at shops.

Inventory:

Hand Weapons
 a - a +2 trident (weapon)
Armour
 i - a +4 scale mail of fire resistance (worn)
 n - a +2 buckler (worn)
 o - a +0 pair of gloves (worn)
 p - the +0 pair of boots of Guotecly (worn) {*Corrode rC+ Int+3 Dex+3}
   (You bought it in a shop on level 1 of the Dungeon)

   Int:       It affects your intelligence (+3).
   Dex:       It affects your dexterity (+3).
   rC:        It protects you from cold.
   *Corrode:  It may corrode you when you take damage.
Jewellery
 e - a ring of positive energy
 f - a ring of positive energy
 h - a ring of ice (right hand)
 j - a ring of protection from fire (left hand)
Wands
 d - a wand of digging (5)
Scrolls
 c - a scroll of magic mapping
 l - 2 scrolls of teleportation
Potions
 b - a potion of haste {unknown}
 k - a potion of flight {unknown}


   Skills:
 + Level 5.5 Fighting
 * Level 6.2 Polearms
 + Level 5.1 Armour
 + Level 5.0 Shields


You had 7 spell levels left.
You didn't know any spells.
Your spell library contained the following spells:

 Spells                   Type           Power      Damage    Failure   Level
 Freeze                   Ice            0%         1d3       65%         1
 Frozen Ramparts          Ice            0%         1d2       95%         3
 Hailstorm                Conj/Ice       0%         3d3       100%        4


Dungeon Overview and Level Annotations

Branches:
Dungeon (5/15)             Temple (1/1) D:4

Altars:
Ashenzari
Cheibriados
Elyvilon
Kikubaaqudgha
Okawaru
Sif Muna
Trog
Uskayaw
Vehumet
Wu Jian
Xom
Zin

Shops:
D:1 =![*=   D:5 *


Innate Abilities, Weirdness & Mutations

You are partially covered in slimy green scales. (AC +2)
You may rarely emit foul miasma when damaged in melee.
You are partially covered in sharp spines.


Message History

The troll is moderately wounded.
The troll bites you. The troll claws you but does no damage.
The troll closely misses you.
You hit the troll.
The troll is moderately wounded.
The troll is struck by your spines. The troll bites you but does no damage.
The troll claws you but does no damage. x2
You catch the helpless troll completely off-guard!
You hit the troll but do no damage.
The troll is moderately wounded.
The troll is struck by your spines. The troll barely misses you. x2
The troll closely misses you.
You barely miss the troll.
The troll is moderately wounded.
The troll is struck by your spines. The troll bites you but does no damage.
The troll closely misses you. You block the troll's attack.
You puncture the troll!
The troll is severely wounded.
The troll completely misses you. The troll claws you but does no damage.
The troll claws you!
* * * LOW HITPOINT WARNING * * *
Okay, then.
You hit the troll.
The troll is almost dead.
The troll bites you.
* * * LOW HITPOINT WARNING * * *
The troll claws you but does no damage. The troll barely misses you.
You catch the helpless troll completely off-guard!
You puncture the troll!
You kill the troll!
Your Polearms skill increases to level 6!
Your Armour skill increases to level 5!
Your Shields skill increases to level 5!
You catch the helpless two-headed ogre completely off-guard!
You puncture the two-headed ogre!
The two-headed ogre is moderately wounded.
The two-headed ogre is struck by your spines.
The two-headed ogre hits you with a +0 giant club!!
You die...
Xom howls with laughter!

...<..#...# ##..........#
.........####..###......# #
###..#........## ###....# #. #
##..........# ##...### ##.#
##...<.....# #.....####.#
#.........# ##......##..#
#####.....)...## ##.....#.....#
..##....#......####......###...#
.........###....@O......## ##..#
..........###...##......# #..##
>......#....##..##......## ##..#
......###......####O.....####...#
##....# #.........#........#.....
####..##........................#
# ##.........>.............##..#
# ##......#...........#######..
## #).######..)......## ###


You could see a two-headed ogre.

Vanquished Creatures
  A troll (D:5)
  A water moccasin (D:5)
  A black bear (D:5)
  3 ogres
  2 phantoms
  A centaur (D:3)
  A scorpion (D:4)
  A bullfrog zombie (D:5)
  A centaur zombie (D:5)
  A bullfrog skeleton (D:5)
  2 hounds (D:5)
  Jessica (D:2)
  Terence (D:2)
  3 iguanas
  An orc wizard (D:5)
  A howler monkey skeleton (D:4)
  5 adders
  2 ufetubi
  An adder skeleton (D:3)
  3 dart slugs
  7 orcs
  4 endoplasms
  6 giant cockroaches
  5 goblins
  5 hobgoblins
  13 jackals
  7 kobolds
  3 quokkas
  10 ball pythons
  A bat (D:2)
  5 frilled lizards
  4 rats
103 creatures vanquished.

Vanquished Creatures (collateral kills)
  A gnoll (D:5)
  2 jackals (D:5)
3 creatures vanquished.

Grand Total: 106 creatures vanquished

Notes
Turn   | Place    | Note
-------+----------+-------------------------------------------
     0 | D:1      | flyleaff the Demonspawn Fighter began the quest for the
                  | Orb.
     0 | D:1      | Reached XP level 1. HP: 18/18 MP: 1/1
    28 | D:1      | Found Pexzed's Armour Shop.
   179 | D:1      | Reached skill level 2 in Polearms
   187 | D:1      | Found Ruwyhuic's Jewellery Emporium.
   197 | D:1      | Found Otiqitoi's Distillery.
   204 | D:1      | Gained mutation: You may rarely emit foul miasma when
                  | damaged in melee. [demonic ancestry]
   204 | D:1      | Reached XP level 2. HP: 19/24 MP: 2/2
   442 | D:1      | Bought a potion of heal wounds for 50 gold pieces
   731 | D:1      | Found Juro's Jewellery Emporium.
   733 | D:1      | Found Agahetoj's Assorted Antiques.
   866 | D:2      | Noticed Jessica
   871 | D:2      | Killed Jessica
   872 | D:2      | Reached XP level 3. HP: 21/29 MP: 3/3
  1002 | D:2      | Noticed Terence
  1017 | D:2      | Killed Terence
  1018 | D:2      | Reached XP level 4. HP: 17/35 MP: 4/4
  1479 | D:2      | Found a faded altar of an unknown god.
  1730 | D:1      | Bought a potion of curing for 30 gold pieces
  1884 | D:2      | Reached skill level 3 in Polearms
  2643 | D:3      | Noticed a centaur
  2656 | D:3      | Killed a centaur
  2657 | D:3      | Reached XP level 5. HP: 29/42 MP: 5/5
  3241 | D:4      | Noticed a phantom
  3248 | D:4      | Found a staircase to the Ecumenical Temple.
  3272 | D:4      | Killed a phantom
  3273 | D:4      | Reached skill level 4 in Polearms
  3273 | D:4      | Gained mutation: You are partially covered in slimy green
                  | scales. (AC +2) [demonic ancestry]
  3273 | D:4      | Reached XP level 6. HP: 23/48 MP: 6/6
  3304 | Temple   | Entered the Ecumenical Temple
  3771 | Temple   | Became a worshipper of Xom of Chaos
  3856 | D:4      | XOM: potion effect (haste)
  4068 | D:4      | XOM: potion effect (brilliance)
  4074 | D:4      | Gained mutation: You are partially covered in sharp spines.
                  | [demonic ancestry]
  4074 | D:4      | Reached XP level 7. HP: 25/55 MP: 7/7
  4308 | D:3      | XOM: silly message
  4629 | D:5      | Entered Level 5 of the Dungeon
  4629 | D:5      | XOM: enchant monster (good)
  4643 | D:5      | XOM: confuse monster(s)
  4654 | D:5      | XOM: confuse monster(s)
  4670 | D:5      | Reached skill level 5 in Polearms
  4685 | D:5      | Found Fuetad's Overcharged Wands.
  4757 | D:5      | XOM: smoke on damage
  4758 | D:5      | XOM: potion effect (haste)
  4773 | D:5      | Reached skill level 5 in Fighting
  4787 | D:5      | Reached XP level 8. HP: 28/62 MP: 8/8
  5441 | D:1      | Bought a pair of steaming boots for 171 gold pieces
  5441 | D:1      | Identified the +0 pair of boots of Guotecly {*Corrode rC+
                  | Int+3 Dex+3} (You bought it in a shop on level 1 of the
                  | Dungeon)
  5578 | D:5      | Noticed a troll
  5578 | D:5      | XOM: potion effect (invisibility)
  5581 | D:5      | Noticed a two-headed ogre
  5609 | D:5      | Killed a troll
  5610 | D:5      | Reached skill level 6 in Polearms
  5610 | D:5      | Reached skill level 5 in Armour
  5610 | D:5      | Reached skill level 5 in Shields
  5610 | D:5      | Mangled by a two-headed ogre

Illustrated notes

Levels and vault maps discovered:
D:1:      shiori_arrival_elements, layout_basic, serial_shops, shop,
          shop_statue, nicolae_diamond_shop, nicolae_shop_trees, shop
D:2:      layout_loops_corners, basic_altar, ebering_ecumenical_altar_hall,
          palyth_stone_intersect, hangedman_decor_opposing, uniq_jessica,
          uniq_terence
D:3:      layout_basic, chequers_serial_rivers_room_a
D:4:      layout_rooms, minmay_temple_entry_ruins, hangedman_decor_slide_cut,
          chequers_serial_rivers_micro_c
D:5:      lemuel_castle_with_subvaults [lemuel_castle_interior_carwin_1],
          layout_layer_cave, nicolae_shop_overcharged_wands
Temple:   minmay_temple_forest_path

Skill      XL: |  1  2  3  4  5  6  7  8 |
---------------+-------------------------+-----
Polearms       | 2 3 4 5 6 |  6.2
Armour         | 3 4 5 |  5.1
Shields        | 3 4 5 |  5.0
Fighting       | 4 5 |  5.5

Action                   |  1- 3 |  4- 6 |  7- 9 || total
-------------------------+-------+-------+-------++-------
Melee: Trident           |    94 |   195 |   103 ||   392
  Use: Potion            |     1 |     1 |     3 ||     5
       Scroll            |       |     5 |     2 ||     7
 Stab: Invisible         |       |       |     4 ||     4
Armor: Scale mail        |    28 |    90 |    53 ||   171
Dodge: Dodged            |    32 |    84 |    43 ||   159
Block: Buckler           |    22 |    41 |    25 ||    88

Table legend: (Time is in decaauts)
 A = Elapsed time spent in this place.
 B = Non-inter-level travel time spent in this place.
 C = Inter-level travel time spent in this place.
 D = Time resting spent in this place.
 E = Time spent auto-exploring this place.
 F = Levels seen in this place.
 G = Mean time per level.
                   A        B        C        D        E       F      G
               +--------+--------+--------+--------+--------+-----+--------+
         Total |   5626 |   5089 |    537 |      2 |   4211 |   6 |  937.7 |
       Dungeon |   5131 |   4647 |    484 |      2 |   3786 |   5 | 1026.2 |
        Temple |    494 |    441 |     53 |      0 |    425 |   1 |  494.0 |
               +--------+--------+--------+--------+--------+-----+--------+

Top non-repeatable levels by time:
     D:2: 1272 daAuts
     D:3: 1242 daAuts
     D:1: 957 daAuts
     D:4: 836 daAuts
     D:5: 823 daAuts
  Temple: 494 daAuts
